| TOP OF THE 1ST |
|
Charlotte Knights batting - Pitching for Norfolk Tides : LHP Ace Ventura
|
|
Pitching: LHP Ace Ventura
|
|
|
Batting: RHB Jake Savell
|
0-0: Ball 1-0: Ball 2-0: Swinging Strike 2-1: Foul Ball, location: 2F 2-2: Strikes out swinging
|
|
Batting: RHB Jeff Brower
|
0-0: Fly out, F8 (Line Drive, 8LD, EV 95.6 MPH)
|
|
Batting: RHB Will Washburn
|
0-0: Foul Ball, location: 2F 0-1: Swinging Strike 0-2: Strikes out swinging
|
| Top of the 1st over - 0 runs, 0 hits, 0 errors, 0 left on base; Charlotte 0 - Norfolk 0 |
| BOTTOM OF THE 1ST |
|
Norfolk Tides batting - Pitching for Charlotte Knights : RHP Dave Espinoza
|
|
Pitching: RHP Dave Espinoza
|
|
|
Batting: LHB Hyoji Toda
|
0-0: Foul Ball, location: 2F 0-1: Ground out 5-3 (Groundball, 56, EV 107.5 MPH)
|
|
Batting: SHB Brian Bentz
|
0-0: Called Strike 0-1: Ball 1-1: Foul Ball, location: 2F 1-2: Fly out, F5 (Flyball, 56D, EV 85.6 MPH)
|
|
Batting: RHB Mario Saez
|
0-0: Foul Ball, location: 2F 0-1: Ball 1-1: Foul Ball, location: 2F 1-2: Foul Ball, location: 2F 1-2: Ball 2-2: SOLO HOME RUN (Flyball, 7D, EV 96.2 MPH), Distance : 375 ft
|
|
Batting: LHB Tom Edwards
|
0-0: Swinging Strike 0-1: Ball 1-1: SINGLE (Line Drive, 9S, EV 96.2 MPH)
|
|
Batting: RHB Tony Logan
|
0-0: Ball Tom Edwards is caught stealing 2nd base 2-4
|
| Bottom of the 1st over - 1 run, 2 hits, 0 errors, 0 left on base; Charlotte 0 - Norfolk 1 |
| TOP OF THE 2ND |
|
Charlotte Knights batting - Pitching for Norfolk Tides : LHP Ace Ventura
|
|
Batting: LHB Sonny Flood
|
0-0: Ball 1-0: Called Strike 1-1: Called Strike 1-2: Ball 2-2: Ball 3-2: Foul Ball, location: 2F 3-2: Foul Ball, location: 2F 3-2: Base on Balls
|
|
Batting: LHB Brian Dickeson
|
0-0: Called Strike 0-1: Called Strike 0-2: Foul Ball, location: 2F 0-2: Ball 1-2: Ball 2-2: Fielders Choice at 2nd, 4-6 (Groundball, 4, EV 83.1 MPH)
|
|
Batting: RHB Nick Richardson
|
0-0: Ball 1-0: Called Strike 1-1: Ball 2-1: Fly out, F7 (Flyball, 78M, EV 86.9 MPH)
|
|
Batting: RHB Casey Quinones
|
0-0: Called Strike 0-1: Called Strike 0-2: Ball 1-2: Ball 2-2: Ball 3-2: Foul Ball, location: 2F 3-2: Base on Balls Brian Dickeson to second
|
|
Batting: RHB Justin Harris
|
0-0: Swinging Strike 0-1: Ball 1-1: Ball 2-1: Foul Ball, location: 2F 2-2: Ball 3-2: Strikes out looking
|
| Top of the 2nd over - 0 runs, 0 hits, 0 errors, 2 left on base; Charlotte 0 - Norfolk 1 |
| BOTTOM OF THE 2ND |
|
Norfolk Tides batting - Pitching for Charlotte Knights : RHP Dave Espinoza
|
|
Batting: RHB Tony Logan
|
0-0: Ball 1-0: Foul Ball, location: 2F 1-1: Foul Ball, location: 2F 1-2: Foul Ball, location: 2F 1-2: Strikes out looking
|
|
Batting: LHB Josh Downs
|
0-0: Ball 1-0: Ball 2-0: Swinging Strike 2-1: Foul Ball, location: 2F 2-2: Strikes out looking
|
|
Batting: RHB Jesus Luque
|
0-0: Fly out, F3 (Flyball, 3D, EV 88.8 MPH)
|
| Bottom of the 2nd over - 0 runs, 0 hits, 0 errors, 0 left on base; Charlotte 0 - Norfolk 1 |
| TOP OF THE 3RD |
|
Charlotte Knights batting - Pitching for Norfolk Tides : LHP Ace Ventura
|
|
Batting: RHB Harvey Harvey
|
0-0: Ball 1-0: Ball 2-0: Fly out, F7 (Line Drive, 7, EV 96.2 MPH)
|
|
Batting: RHB Jake Savell
|
0-0: Ground out 4-3 (Groundball, 4, EV 86.9 MPH)
|
|
Batting: RHB Jeff Brower
|
0-0: Fly out, F8 (Flyball, 8LXD, EV 100.0 MPH)
|
| Top of the 3rd over - 0 runs, 0 hits, 0 errors, 0 left on base; Charlotte 0 - Norfolk 1 |
| BOTTOM OF THE 3RD |
|
Norfolk Tides batting - Pitching for Charlotte Knights : RHP Dave Espinoza
|
|
Batting: RHB Geoffrey van der Wekken
|
0-0: Ball 1-0: Called Strike 1-1: Ball 2-1: Foul Ball, location: 2F 2-2: Foul Ball, location: 2F 2-2: Ball 3-2: Ground out 5-3 (Groundball, 56, EV 86.2 MPH)
|
|
Batting: RHB Sal Espinosa
|
0-0: Ball 1-0: Ball 2-0: Foul Ball, location: 2F 2-1: Ball 3-1: Called Strike 3-2: Strikes out swinging
|
|
Batting: LHB Hyoji Toda
|
0-0: Ball 1-0: Ground out 4-3 (Groundball, 4, EV 86.9 MPH)
|
| Bottom of the 3rd over - 0 runs, 0 hits, 0 errors, 0 left on base; Charlotte 0 - Norfolk 1 |
| TOP OF THE 4TH |
|
Charlotte Knights batting - Pitching for Norfolk Tides : LHP Ace Ventura
|
|
Batting: RHB Will Washburn
|
0-0: Ball 1-0: Called Strike 1-1: Ball 2-1: Ball 3-1: Foul Ball, location: 2F 3-2: Base on Balls
|
|
Batting: LHB Sonny Flood
|
0-0: Ball 1-0: Fly out, F4 (Line Drive, 4, EV 65.0 MPH) Lined into DP, 4-3 (Line Drive, 4, EV 61.9 MPH)
|
|
Batting: LHB Brian Dickeson
|
0-0: Called Strike 0-1: Called Strike 0-2: Strikes out swinging
|
| Top of the 4th over - 0 runs, 0 hits, 0 errors, 0 left on base; Charlotte 0 - Norfolk 1 |
| BOTTOM OF THE 4TH |
|
Norfolk Tides batting - Pitching for Charlotte Knights : RHP Dave Espinoza
|
|
Batting: SHB Brian Bentz
|
0-0: Swinging Strike 0-1: Foul Ball, location: 2F 0-2: Strikes out swinging
|
|
Batting: RHB Mario Saez
|
0-0: Foul Ball, location: 2F 0-1: Ball 1-1: Ball 2-1: Called Strike 2-2: Foul Ball, location: 2F 2-2: Ball 3-2: Ground out 4-3 (Groundball, 4, EV 82.5 MPH)
|
|
Batting: LHB Tom Edwards
|
0-0: Foul Ball, location: 2F 0-1: Ball 1-1: SINGLE (Line Drive, 5D, EV 98.1 MPH)
|
|
Batting: RHB Tony Logan
|
0-0: Ball 1-0: Called Strike Tom Edwards steals 2nd, throwing error, E2 Tom Edwards to third 1-1: Called Strike 1-2: Ball 2-2: Foul Ball, location: 2F 2-2: Foul Ball, location: 2F 2-2: Ground out 5-3 (Groundball, 56, EV 100.0 MPH)
|
| Bottom of the 4th over - 0 runs, 1 hit, 1 error, 1 left on base; Charlotte 0 - Norfolk 1 |
| TOP OF THE 5TH |
|
Charlotte Knights batting - Pitching for Norfolk Tides : LHP Ace Ventura
|
|
Batting: RHB Nick Richardson
|
0-0: Ball 1-0: Ball 2-0: SINGLE (Groundball, 6MD, EV 98.1 MPH)
|
|
Batting: RHB Casey Quinones
|
0-0: Ball 1-0: Grounds into double play, 5-4-3 (Groundball, 56S, EV 92.5 MPH)
|
|
Batting: RHB Justin Harris
|
0-0: Ball 1-0: Foul Ball, location: 2F 1-1: Ball 2-1: Swinging Strike 2-2: Foul Ball, location: 2F 2-2: Strikes out swinging
|
| Top of the 5th over - 0 runs, 1 hit, 0 errors, 0 left on base; Charlotte 0 - Norfolk 1 |
| BOTTOM OF THE 5TH |
|
Norfolk Tides batting - Pitching for Charlotte Knights : RHP Dave Espinoza
|
|
Batting: LHB Josh Downs
|
0-0: Ball 1-0: Foul Ball, location: 2F 1-1: Ball 2-1: Swinging Strike 2-2: Foul Ball, location: 2F 2-2: Ball 3-2: SOLO HOME RUN (Flyball, 8LXD, EV 101.2 MPH), Distance : 416 ft
|
|
Batting: RHB Jesus Luque
|
0-0: Ball 1-0: Foul Ball, location: 2F 1-1: Foul Ball, location: 2F 1-2: Strikes out swinging
|
|
Batting: RHB Geoffrey van der Wekken
|
0-0: Called Strike 0-1: Foul Ball, location: 2F 0-2: Strikes out looking
|
|
Batting: RHB Sal Espinosa
|
0-0: Called Strike 0-1: Swinging Strike 0-2: SINGLE (Groundball, 13S, EV 72.5 MPH) (infield hit)
|
|
Batting: LHB Hyoji Toda
|
0-0: Ball 1-0: Ball Sal Espinosa steals 2nd base (no throw) 2-0: Called Strike 2-1: Ball 3-1: Base on Balls
|
|
Batting: SHB Brian Bentz
|
0-0: Called Strike 0-1: SINGLE (Groundball, 56D, EV 103.1 MPH) (infield hit) Sal Espinosa to third Hyoji Toda to second
|
|
Batting: RHB Mario Saez
|
0-0: Ball 1-0: Swinging Strike 1-1: Foul Ball, location: 2F 1-2: SINGLE (Line Drive, 4MD, EV 103.8 MPH) Sal Espinosa scores Hyoji Toda to third Brian Bentz to second
|
|
Batting: LHB Tom Edwards
|
0-0: Ball 1-0: Ball 2-0: Ball 3-0: Called Strike 3-1: Called Strike 3-2: Ground out 1-3 (Groundball, 15S, EV 63.8 MPH)
|
| Bottom of the 5th over - 2 runs, 4 hits, 0 errors, 3 left on base; Charlotte 0 - Norfolk 3 |
| TOP OF THE 6TH |
|
Charlotte Knights batting - Pitching for Norfolk Tides : LHP Ace Ventura
|
|
Batting: RHB Harvey Harvey
|
0-0: Ball 1-0: Foul Ball, location: 2F 1-1: Ball 2-1: Foul Ball, location: 2F 2-2: Strikes out swinging
|
|
Batting: RHB Jake Savell
|
0-0: Ball 1-0: Called Strike 1-1: Foul Ball, location: 2F 1-2: Strikes out looking
|
|
Batting: RHB Jeff Brower
|
0-0: Swinging Strike 0-1: Ball 1-1: Foul Ball, location: 2F 1-2: Foul Ball, location: 2F 1-2: Ball 2-2: DOUBLE (Line Drive, 9LM, EV 108.8 MPH)
|
|
Batting: RHB Will Washburn
|
0-0: Called Strike 0-1: Swinging Strike 0-2: Ball 1-2: SINGLE (Line Drive, 4D, EV 95.6 MPH) Jeff Brower to third Runner from 3rd tries for Home, SAFE, throw by RF to home
|
|
Batting: LHB Sonny Flood
|
0-0: Called Strike 0-1: Ball 1-1: Ball 2-1: Ball 3-1: Fly out, F9 (Line Drive, 9, EV 85.6 MPH)
|
| Top of the 6th over - 1 run, 2 hits, 0 errors, 1 left on base; Charlotte 1 - Norfolk 3 |
| BOTTOM OF THE 6TH |
|
Norfolk Tides batting - Pitching for Charlotte Knights : RHP Dave Espinoza
|
|
Batting: RHB Tony Logan
|
0-0: Ball 1-0: Ball 2-0: Foul Ball, location: 2F 2-1: Ball 3-1: Base on Balls
|
|
Pitching: RHP Kurt Vitta
|
|
|
Batting: LHB Josh Downs
|
0-0: Ball 1-0: Called Strike 1-1: Ball 2-1: Foul Ball, location: 2F 2-2: Foul Ball, location: 2F 2-2: Grounds into double play, 4-6-3 (Groundball, 4, EV 89.4 MPH)
|
|
Batting: RHB Jesus Luque
|
0-0: DOUBLE (Line Drive, 3D, EV 103.1 MPH)
|
|
Batting: RHB Geoffrey van der Wekken
|
0-0: Called Strike 0-1: Ball 1-1: Ball 2-1: Called Strike 2-2: Ball 3-2: Foul Ball, location: 2F 3-2: Fly out, F4 (Popup, 34S, EV 83.8 MPH)
|
| Bottom of the 6th over - 0 runs, 1 hit, 0 errors, 1 left on base; Charlotte 1 - Norfolk 3 |
| TOP OF THE 7TH |
|
Charlotte Knights batting - Pitching for Norfolk Tides : LHP Ace Ventura
|
|
Batting: LHB Brian Dickeson
|
0-0: Ball 1-0: Ball 2-0: Called Strike 2-1: Ball 3-1: Called Strike 3-2: SINGLE (Line Drive, 7LM, EV 100.0 MPH)
|
|
Batting: RHB Nick Richardson
|
0-0: Ball 1-0: Ball 2-0: Ball 3-0: 2-RUN HOME RUN (Flyball, 7D, EV 95.0 MPH), Distance : 377 ft
|
|
Batting: RHB Casey Quinones
|
0-0: Called Strike 0-1: Swinging Strike 0-2: Ball 1-2: Strikes out swinging
|
|
Batting: RHB Justin Harris
|
0-0: Called Strike 0-1: Foul Ball, location: 2F 0-2: Ground out 6-3 (Groundball, 6, EV 105.0 MPH)
|
|
Batting: RHB Harvey Harvey
|
0-0: Ball 1-0: Ball 2-0: Ball 3-0: Called Strike 3-1: Ground out 5-3 (Groundball, 5S, EV 68.8 MPH)
|
| Top of the 7th over - 2 runs, 2 hits, 0 errors, 0 left on base; Charlotte 3 - Norfolk 3 |
| BOTTOM OF THE 7TH |
|
Norfolk Tides batting - Pitching for Charlotte Knights : RHP Kurt Vitta
|
|
Batting: RHB Sal Espinosa
|
0-0: Foul Ball, location: 2F 0-1: Ball 1-1: Swinging Strike 1-2: Strikes out swinging
|
|
Batting: LHB Hyoji Toda
|
0-0: Called Strike 0-1: Foul Ball, location: 2F 0-2: SINGLE (Groundball, 5S, EV 66.2 MPH) (infield hit)
|
|
Batting: SHB Brian Bentz
|
0-0: Fly out, F7 (Line Drive, 7, EV 95.0 MPH)
|
|
Batting: RHB Mario Saez
|
0-0: Ball 1-0: Foul Ball, location: 2F 1-1: Ball 2-1: SINGLE (Line Drive, 9S, EV 102.5 MPH) Hyoji Toda to second
|
|
Batting: LHB Tom Edwards
|
0-0: Ball 1-0: Ball 2-0: Ball 3-0: Base on Balls Hyoji Toda to third Mario Saez to second
|
|
Batting: RHB Tony Logan
|
0-0: Called Strike 0-1: Swinging Strike 0-2: Ball 1-2: Fly out, F7 (Line Drive, 7, EV 96.9 MPH)
|
| Bottom of the 7th over - 0 runs, 2 hits, 0 errors, 3 left on base; Charlotte 3 - Norfolk 3 |
| TOP OF THE 8TH |
|
Charlotte Knights batting - Pitching for Norfolk Tides : LHP Ace Ventura
|
|
Pitching: RHP Aaron Schneider
|
|
|
Batting: RHB Jake Savell
|
0-0: Ball 1-0: Reached on error, E5 (Groundball, 56, EV 84.4 MPH)
|
|
Batting: RHB Jeff Brower
|
0-0: Foul Ball, location: 2F 0-1: Ball 1-1: Ball 2-1: Ball 3-1: Called Strike 3-2: DOUBLE (Line Drive, 89D, EV 112.5 MPH) Jake Savell to third
|
|
Batting: RHB Will Washburn
|
0-0: Hit by Pitch
|
|
Batting: LHB Sonny Flood
|
0-0: Called Strike 0-1: Swinging Strike 0-2: Ball 1-2: Ball 2-2: SINGLE (Groundball, 25, EV 72.5 MPH) (infield hit) Jake Savell scores Jeff Brower to third Will Washburn to second
|
|
Batting: LHB Brian Dickeson
|
0-0: Ball 1-0: Fly out, F8 (Flyball, 8LXD, EV 99.4 MPH) Runner from 3rd tags up, SCORES, no throw by CF
|
|
Batting: LHB Jorge Rosales
|
0-0: Ball 1-0: Foul Ball, location: 2F 1-1: Ball 2-1: Ball 3-1: Called Strike 3-2: Grounds into double play, 1-4-3 (Groundball, 15S, EV 64.4 MPH)
|
| Top of the 8th over - 2 runs, 2 hits, 1 error, 1 left on base; Charlotte 5 - Norfolk 3 |
| BOTTOM OF THE 8TH |
|
Norfolk Tides batting - Pitching for Charlotte Knights : RHP Kurt Vitta
|
|
Batting: LHB Josh Downs
|
0-0: Called Strike 0-1: Ball 1-1: Fly out, F7 (Flyball, 7, EV 76.9 MPH)
|
|
Batting: RHB Jesus Luque
|
0-0: Fly out, F7 (Line Drive, 7S, EV 88.8 MPH)
|
|
Batting: LHB Gabe Pace
|
0-0: Ball 1-0: Called Strike 1-1: Ball 2-1: Foul Ball, location: 2F 2-2: Strikes out swinging
|
| Bottom of the 8th over - 0 runs, 0 hits, 0 errors, 0 left on base; Charlotte 5 - Norfolk 3 |
| TOP OF THE 9TH |
|
Charlotte Knights batting - Pitching for Norfolk Tides : RHP Aaron Schneider
|
|
Pitching: RHP Ryan Kotter
|
|
|
Batting: RHB Casey Quinones
|
0-0: Ball 1-0: Ground out 5-3 (Groundball, 5, EV 98.1 MPH)
|
|
Batting: RHB Justin Harris
|
0-0: Foul Ball, location: 2F 0-1: Foul Ball, location: 2F 0-2: Fly out, F8 (Line Drive, 8LD, EV 107.5 MPH)
|
|
Batting: RHB Harvey Harvey
|
0-0: Swinging Strike 0-1: Called Strike 0-2: Strikes out swinging
|
| Top of the 9th over - 0 runs, 0 hits, 0 errors, 0 left on base; Charlotte 5 - Norfolk 3 |
| BOTTOM OF THE 9TH |
|
Norfolk Tides batting - Pitching for Charlotte Knights : RHP Kurt Vitta
|
|
Pitching: RHP Jorge Mora
|
|
|
Batting: RHB Sal Espinosa
|
0-0: Called Strike 0-1: Ball 1-1: Foul Ball, location: 2F 1-2: Strikes out swinging, 2-3 out at first.
|
|
Batting: LHB Hyoji Toda
|
0-0: Swinging Strike 0-1: Ball 1-1: Foul Ball, location: 2F 1-2: Ball 2-2: Strikes out looking
|
|
Batting: SHB Brian Bentz
|
0-0: Ball 1-0: Ball 2-0: Swinging Strike 2-1: Fly out, F8 (Flyball, 8LXD, EV 86.2 MPH)
|
| Bottom of the 9th over - 0 runs, 0 hits, 0 errors, 0 left on base; Charlotte 5 - Norfolk 3 |
|